 Dungeon Crawl Stone Soup version 0.28-a0-1236-gb25a51b929 (webtiles) character file.

Game seed: 8226252681159551584

2971 12572944 the Magician (level 10, -1/73 HPs)
             Began as a Djinni Cinder Acolyte on Dec 25, 2021.
             Was a High Priest of Ignis.
             Slain by a water moccasin (2 damage)
             ... on level 5 of the Dungeon.
             The game lasted 00:34:15 (9757 turns).

12572944 the Magician (Djinni Cinder Acolyte)       Turns: 9757, Time: 00:34:15

Health: -1/73      AC:  7    Str: 17    XL:     10   Next: 8%
Gold:   348        EV: 13    Int: 16    God:    Ignis [*****.] SH:  0 Dex:  9

rFire   + + +      SeeInvis .   a - +0 falchion (flame)
rCold   . . .      Faith    .   (no shield)
rNeg    + . .      Spirit   .   w - +2 robe {rC+}
rPois   ∞          Reflect  .   l - +1 helmet
rElec   .          Harm     .   (no cloak)
rCorr   .          Rampage  .   E - +0 pair of gloves
Will    +....                   (boots unavailable)
Stlth   +.........              (no amulet)
HPRegen 0.22/turn               D - ring of positive energy
MPRegen 0.00/turn               (no ring)

@: flying
A: sickness immunity, fire resistance 2, cold vulnerability 1, float, innate
caster, hp casting, extra vitality 1
a: Renounce Religion, Fiery Armour, Foxfire Swarm, Rising Flame


You were on level 5 of the Dungeon.
You worshipped Ignis.
Ignis was extremely pleased with you.
You visited 1 branch of the dungeon, and saw 6 of its levels.
You also visited: Sewer.

You collected 348 gold pieces.

Inventory:

Hand Weapons
 a - a +0 falchion of flaming (weapon)
 b - a +2 vampiric falchion
 h - the +8 long sword "Imeodir" {speed, Fragile rC+ rCorr}
   (You found it on level 6 of the Dungeon)

   Attacks with this weapon are significantly faster.
   rC:        It protects you from cold.
   rCorr:     It protects you from acid and corrosion.
   Fragile:   It will be destroyed if unequipped.
 y - a +0 hunting sling of freezing
Missiles
 d - 13 sling bullets
 g - 37 poisoned darts
 n - 3 curare-tipped darts
Armour
 c - a +0 robe
 l - a +1 helmet (worn)
 o - a +0 leather armour
 t - a +2 robe of fire resistance
 w - a +2 robe of cold resistance (worn)
 E - a +0 pair of gloves (worn)
Magical Staves
 A - a staff of fire
Jewellery
 D - a ring of positive energy (left hand)
Wands
 q - a wand of paralysis (5)
 v - a wand of digging (3)
 z - a wand of acid (10)
 B - a wand of iceblast (13)
Scrolls
 f - a scroll of vulnerability
 j - a scroll of blinking
 m - 4 scrolls of teleportation {@r4}
 p - a scroll of fear
 x - a scroll of immolation
Potions
 e - a potion of magic {unknown}
 i - 2 potions of curing {unknown}
 k - 2 potions of attraction {unknown}
 r - a potion of brilliance {unknown}
 s - 2 potions of might {unknown}
 u - a potion of haste {unknown}
 C - a potion of ambrosia {unknown}


   Skills:
 + Level 6.9 Fighting
 + Level 6.3 Long Blades
 - Level 5.0 Dodging
 * Level 7.2 Spellcasting


You had 11 spell levels left.
You knew the following spells:

 Your Spells              Type           Power      Damage    Failure   Level
a - Scorch                Fire           56%        2d8       1%          2
b - Foxfire               Conj/Fire      100%       2x1d9     1%          1
c - Passwall              Tmut/Erth      23%        N/A       1%          2
d - Dazzling Flash        Conj/Hex       56%        N/A       1%          3
e - Olgreb's Toxic Radia  Pois           28%        N/A       6%          4
Your spell library was empty.

Dungeon Overview and Level Annotations

Branches:
Dungeon (6/15)              Sewer (visited)
 Temple: D:4-7

Altars:
Elyvilon
Gozag
Makhleb
Okawaru
Qazlal
Xom
The Shining One

Shops:
D:5 !?

Annotations:
D:3 1 runed translucent door, Crazy Yiuf
D:4 Sigmund
D:5 2 transporters, leviel's ghost, amateur HOFi


Innate Abilities, Weirdness & Mutations

You are immune to sickness and miasma.
You are immune to poison.
Your flesh is very heat resistant. (rF++)
You are vulnerable to cold. (rC-)
You float through the air rather than walking.
You learn spells naturally, not from books.
Your magical power is your life essence.
You have superior vitality. (+4 MHP)


Message History

The ice beast hits you but does no damage.
Casting: Scorch (safe; 1% risk of failure)
Confirm with . or Enter, or press ? or * to list all spells.
Casting: Dazzling Flash (safe; 1% risk of failure)
Press: ? - help, Dir - look around, f - activate The ice beast is dazzled.
The water moccasin is dazzled.
* * * LOW HITPOINT WARNING * * *
The ice beast hits you.
* * * LOW HITPOINT WARNING * * *
The ice beast freezes you.
* * * LOW HITPOINT WARNING * * *
The water moccasin is no longer more vulnerable to fire.
You see here an adder corpse.
The ice beast is no longer more vulnerable to fire.
The water moccasin is no longer blind.
There is a stone staircase leading up here.
The ice beast is no longer blind.
The water moccasin bites you.
* * * LOW HITPOINT WARNING * * *
The ice beast closely misses you.
You fly upwards.
Level annotation: 2 transporters, leviel's ghost, amateur HOFi
There is a stone staircase leading down here.
Okay, then.
Blink to where?
Press: ? - help, Dir - move target
As you read the scroll of blinking, it crumbles to dust.
The water moccasin bites you.
* * * LOW HITPOINT WARNING * * *
You barely miss the water moccasin.
The water moccasin is heavily wounded.
The water moccasin closely misses you. The water moccasin bites you.
* * * LOW HITPOINT WARNING * * *
Casting: Dazzling Flash (safe; 1% risk of failure)
Confirm with . or Enter, or press ? or * to list all spells.
You don't have enough health to cast this spell.
You hit the water moccasin but do no damage.
The water moccasin is heavily wounded.
The water moccasin bites you.
You die...

##.## #...###.#####.##.###
#...###### #.#####.#####.##.#
#........# #..........##.##.#
#...####.# #####.........##'##
##### #.# ######.####...## ###
#.# #####.###.....# # ##.###.#
##.....##.......
####...##.########.Y..#.....#....
'...............@S...###...###...
####...##.########....#.....#....
## #......# #####.#...##.......
.###.###### #...####.#.##.....#
..##.# #....).[..#.#....## #..#.#
#...##..#.(#).#.... #..#.#
##.###.###..)###.## #..#.# #.#
#..#..#.Y#..## #..#.# #.#
#....##^...###


You could see a water moccasin and an ice beast.

Vanquished Creatures
  Pikel (D:3)
  A gargoyle (D:6)
  Eustachio (D:4)
  Edmund (D:4)
  Menkaure (D:5)
  An ice beast (D:5)
  2 necrophages
  3 ogres
  A phantom (D:6)
  2 lemures (D:4)
  3 kobold brigands (Sewer)
  Blork the orc (D:4)
  2 scorpions
  A water moccasin skeleton (D:4)
  A centaur zombie (D:6)
  2 orc priests
  5 hounds
  3 iguanas (D:6)
  7 orc wizards
  Robin (D:3)
  4 gnolls (D:5)
  9 adders
  5 river rats
  A shadow imp (D:6)
  3 ufetubi
  5 worms
  2 dart slugs
  32 orcs
  9 ball pythons
  6 bats
  7 endoplasms
  3 giant cockroaches
  15 goblins
  7 hobgoblins
  4 jackals
  5 quokkas
  10 frilled lizards
  12 kobolds
  10 rats
189 creatures vanquished.

Vanquished Creatures (collateral kills)
  3 foxfires (D:3)
3 creatures vanquished.

Vanquished Creatures (others)
  322 foxfires
  8 plants (Sewer)
330 creatures vanquished.

Grand Total: 522 creatures vanquished

Notes
Turn   | Place    | Note
-------+----------+-------------------------------------------
     0 | D:1      | 12572944 the Djinni Cinder Acolyte began the quest for the
                  | Orb.
     0 | D:1      | Reached XP level 1. HP: 20/20 MP: 0/0
   289 | D:1      | Reached XP level 2. HP: 24/25 MP: 0/0
   717 | D:1      | Reached XP level 3. HP: 30/30 MP: 0/0
   717 | D:1      | Learned a level 1 spell: Foxfire
   779 | D:1      | Reached skill level 1 in Dodging
   983 | D:1      | Found a faded altar of an unknown god.
  1764 | D:2      | !bestwep
  1765 | D:2      | !checkdmg
  1808 | D:2      | Reached XP level 4. HP: 31/35 MP: 0/0
  1936 | D:2      | Reached skill level 3 in Spellcasting
  2661 | D:3      | Found a glowing golden altar of the Shining One.
  2971 | D:3      | Noticed Robin
  2976 | D:3      | Killed Robin
  2977 | D:3      | Reached XP level 5. HP: 35/40 MP: 0/0
  2977 | D:3      | Learned a level 2 spell: Passwall
  3048 | D:3      | Found a white marble altar of Elyvilon.
  3122 | D:3      | Found an opulent altar of Gozag.
  3692 | D:3      | Found a runed translucent door.
  3693 | D:3      | Noticed Crazy Yiuf
  3726 | D:4      | Noticed a lemure
  3730 | D:4      | Noticed Pikel
  3731 | D:4      | Noticed a lemure
  3732 | D:4      | Noticed a lemure
  3734 | D:4      | Killed a lemure
  3736 | D:4      | Noticed a lemure
  3968 | D:4      | Noticed Eustachio
  3985 | D:4      | Killed Eustachio
  3986 | D:4      | Reached XP level 6. HP: 33/47 MP: 0/0
  4271 | D:4      | Reached skill level 4 in Spellcasting
  4271 | D:4      | Reached XP level 7. HP: 14/52 MP: 0/0
  4271 | D:4      | Learned a level 3 spell: Dazzling Flash
  4629 | D:4      | Noticed Blork the orc
  4669 | D:4      | Killed Blork the orc
  5201 | D:3      | Killed Pikel
  5202 | D:3      | Reached XP level 8. HP: 26/58 MP: 0/0
  5392 | D:4      | Noticed Edmund
  5495 | D:4      | Killed Edmund
  5496 | D:4      | Reached skill level 5 in Fighting
  5496 | D:4      | Reached skill level 5 in Spellcasting
  6081 | D:4      | Noticed Sigmund
  6314 | D:5      | Entered Level 5 of the Dungeon
  6558 | D:5      | Found Zojaxzit's Magic Scroll Boutique.
  6636 | D:5      | !bestwep
  6722 | D:5      | Reached skill level 5 in Long Blades
  6722 | D:5      | Reached XP level 9. HP: 57/65 MP: 0/0
  6722 | D:5      | Learned a level 4 spell: Olgreb's Toxic Radiance
  6726 | D:5      | Reached skill level 5 in Dodging
  7298 | D:5      | Reached skill level 6 in Spellcasting
  7425 | D:5      | Noticed Menkaure
  7429 | D:5      | Killed Menkaure
  7465 | D:5      | Identified the +1 shortbow of the Blowfly {freeze, rPois
                  | rF+ Will+ rCorr}
  7466 | D:5      | Found a transporter.
  7468 | D:5      | Noticed leviel's ghost (amateur HOFi)
  7469 | D:5      | Found a transporter.
  7487 | D:5      | !bestwep
  7664 | D:5      | Found Oxaufienn's Distillery.
  7944 | D:6      | Identified the +8 long sword "Imeodir" {speed, Fragile rC+
                  | rCorr}
  8007 | D:6      | Found a glowing drain.
  8022 | Sewer    | Entered a sewer
  9070 | D:6      | !bestwep
  9243 | D:6      | Noticed a gargoyle
  9249 | D:6      | Killed a gargoyle
  9250 | D:6      | Reached skill level 7 in Spellcasting
  9289 | D:6      | Found a burning altar of Makhleb.
  9335 | D:6      | Reached XP level 10. HP: 59/73 MP: 0/0
  9463 | D:6      | Found a stormy altar of Qazlal.
  9463 | D:6      | Found a shimmering altar of Xom.
  9562 | D:6      | Found an iron altar of Okawaru.
  9741 | D:6      | HP: 3/73 [water moccasin (4)]
  9753 | D:5      | HP: 3/73 [water moccasin (3)]
  9756 | D:5      | HP: 1/73 [water moccasin (3)]
  9757 | D:5      | Slain by a water moccasin

Illustrated notes #.# ...>.....# #.........(...(.. #)# .........# #..##....†....... #.# ##.............########...## #.# ...########.# #..†.. #.# .# #...## ..# .# #...# ######## .# #...# #......# ######.#### #...# #.####.# #..@....... #...# #.####.# #.###...... ##.## .....#.#######.# ..... #.##...........# .... #.####.######### ... #......# .. ######## . Turn 1764 on D:2: !bestwep .# ...>.....# #.........(...(... )# .........# #..##....†........ .# ##.............########...##. .# ...########.# #..†... .# .# #...##. .# .# #...# ####### .# #...# ......# ######.##### #...# .####.# #..)@....... #...# .####.# #.###....... ##.## ....#.#######.# ....... .##...........# ....... .####.######### ....... ......# ....... ####### ....... .##...l Turn 1765 on D:2: !checkdmg ######.####.. #####.# #... ##.....##.... ######....#.....#.. .........###...###. #####....#.....#.. #####.#...##..... #...####.#.##.... #....@.)..#.#.... #...##..#./#..#.. ##. #.###...## # #..#..#..# #....##^... #.#### ... #.. .. ### Turn 6636 on D:5: !bestwep .# ..# #... ## #.... #.##.# #..... ##.#...####...... ................. #.....@....... #.##....######## .........#...... ##.###...#Z..... ........#..###. #.###...#..#8#. ##.###...#...... ........©#.....© #.####..#...... Turn 7487 on D:5: !bestwep

******,,,,,,,,,***,,,,,,
*******#............,,,,,,,,,,,
*,,,,,,..#.#.#.#...,,****,,,,,,
*,,,,,,...........#*** *,,,,,,
*,,,,,,#.#.#.#.#..# *,***,*
*,,,,,,#..........# *,* *,,
*,,,,,,#.#.#.#.#..# *,****,
*,,,,,,..........#* *.....,
*****,,#.#.#.#@#.########.....,
**,#...)).)...............,
*,........#.....###.....,,
**....................,,,,
*##.......#.....##.#*****
#.......##.......######
####...................
#*#..#.....#...........
*.#.###...###..........


Turn 9070 on D:6: !bestwep

Levels and vault maps discovered:
D:1:      evilmike_arrival_crescent, layout_loops_cross,
          shapermc_ecumenical_altar_mp_vishouse, minmay_misc_feat_enclosed
D:2:      layout_loops_cross
D:3:      layout_rooms, elyvilon_altar_1, mainiacjoe_overflow_catwalk,
          nicolae_tso_swordbearing_angel, kennysheep_generic_room_12,
          uniq_crazy_yiuf_cottage, uniq_robin
D:4:      layout_cave_pods, sigmund_army, uniq_pikel, uniq_edmund,
          uniq_eustachio, uniq_blork_the_orc
D:5:      layout_loops_corners, serial_shops, shop, nicolae_inconvenience_store,
          gammafunk_ghost_mausoleum, minmay_strange_pillars,
          hangedman_glass_teeth, uniq_menkaure
D:6:      layout_rooms, jmf_multi_god_temple, lemuel_round_altar,
          lemuel_coloured_pillars_altar, portal_sewer_entry_c, serial_glass,
          glass_columns_c, glass_columns_b, minmay_strange_pillars,
          minmay_strange_pillars, feat_on_display, minmay_checkerbox,
          uniq_grinder

Skill      XL: |  1  2  3  4  5  6  7  8  9 |
---------------+----------------------------+-----
Dodging        | 1 2 3 4 5 |  5.0
Long Blades    | 3 4 5 6 |  6.3
Spellcasting   | 3 4 5 7 |  7.2
Fighting       | 4 5 6 |  6.9

Action                   |  1- 3 |  4- 6 |  7- 9 | 10-12 || total
-------------------------+-------+-------+-------+-------++-------
Melee: Falchion          |    27 |    13 |    77 |     9 ||   126
 Fire: Hunting sling     |    12 |       |       |       ||    12
 Cast: Scorch            |    21 |    22 |    85 |    12 ||   140
       Foxfire           |    14 |    99 |    85 |       ||   198
       Dazzling Flash    |       |       |     3 |     2 ||     5
       Olgreb's Toxic Ra |       |       |    30 |     6 ||    36
Evoke: Wand              |       |     1 |     1 |       ||     2
  Use: Scroll            |       |       |    11 |     1 ||    12
 Stab: Paralysed         |       |       |    10 |       ||    10
Armor: Robe              |    10 |     5 |    11 |    10 ||    36
Dodge: Dodged            |    16 |     7 |    54 |    14 ||    91

Table legend: (Time is in decaauts)
 A = Elapsed time spent in this place.
 B = Non-inter-level travel time spent in this place.
 C = Inter-level travel time spent in this place.
 D = Time resting spent in this place.
 E = Time spent auto-exploring this place.
 F = Levels seen in this place.
 G = Mean time per level.
                   A        B        C        D        E       F      G
               +--------+--------+--------+--------+--------+-----+--------+
         Total |   9764 |   9543 |    221 |   1906 |   6174 |   7 | 1394.9 |
       Dungeon |   8872 |   8651 |    221 |   1795 |   5600 |   6 | 1478.7 |
         Sewer |    892 |    892 |      0 |    111 |    574 |   1 |  892.0 |
               +--------+--------+--------+--------+--------+-----+--------+

Top non-repeatable levels by time:
     D:4: 2312 daAuts
     D:3: 1689 daAuts
     D:5: 1679 daAuts
     D:2: 1298 daAuts
     D:1: 1020 daAuts
   Sewer: 892 daAuts
     D:6: 871 daAuts
